 Dungeon Crawl Stone Soup version 0.28-a0-983-g1de4e0787c (webtiles) character file.

Game seed: 2190520661613399530

245073 Htamos the Slingshot (level 19, -3/109 HPs)
             Began as a Spriggan Hunter on Dec 3, 2021.
             Was an Initiate of Gozag.
             Slain by a spark wasp (20 damage)
             ... on level 1 of the Depths.
             The game lasted 02:05:06 (60428 turns).

Htamos the Slingshot (Spriggan Hunter)             Turns: 60428, Time: 02:05:06

Health: -3/109     AC: 24    Str:  8    XL:     19   Next: 16%
Magic:  20/20      EV: 17    Int: 12    God:    Gozag
Gold:   3740       SH:  0    Dex: 24    Spells: 18/18 levels left

rFire   + . .      SeeInvis +   a - +4 hunting sling (elec)
rCold   + + .      Faith    .   (shield restricted)
rNeg    + . .      Spirit   .   p - +6 shadow dragon scales
rPois   +          Reflect  .   V - +2 hat
rElec   .          Harm     .   g - +2 cloak {Will+}
rCorr   .          Rampage  .   (gloves unavailable)
Will    ++++.                   (boots unavailable)
Stlth   ++++++++..              b - amulet of regeneration
HPRegen 1.08/turn               G - ring "Bopu" {rPois rF+ rC++ rN+}
MPRegen 0.17/turn               s - +4 ring of slaying

@: very quick
A: very small, no large weapons, unfitting armour, see invisible, speed 3, wild
magic 1
}: 1/15 runes: serpentine
a: Renounce Religion, Potion Petition, Call Merchant, Bribe Branch


You were on level 1 of the Depths.
You worshipped Gozag.
Gozag was most pleased with you.
You visited 8 branches of the dungeon, and saw 34 of its levels.
You also visited: Volcano.

You collected 16563 gold pieces.
You spent 5228 gold pieces at shops.
You paid 7595 gold pieces to Gozag.

Inventory:

Hand Weapons
 a - a +4 hunting sling of electrocution (weapon)
 o - the +12 shortbow of Trog's Felicitations {vorpal, Drain Dex-3 SInv Stlth+}
   (You bought it in a shop on level 2 of the Orcish Mines)

   Any ammunition fired from it inflicts extra damage upon your enemies.
   Dex:       It affects your dexterity (-3).
   SInv:      It lets you see invisible.
   Drain:     It drains your maximum health when unequipped.
   Stlth:     It makes you more stealthy.
 u - a +0 hunting sling of flaming
 H - a +2 demon trident
 P - a +0 fustibalus of venom
Missiles
 e - 92 stones (quivered ammo)
 J - 50 sling bullets
 K - a curare-tipped dart
Armour
 f - the +4 robe "Reij" {rPois rN++ Archmagi}
   (You bought it in a shop on level 12 of the Dungeon)

   rPois:     It protects you from poison.
   rN:        It greatly protects you from negative energy.
   Archmagi:  It increases the power of your magical spells.
 g - a +2 cloak of willpower (worn)
 p - +6 shadow dragon scales (worn)
 L - a scarf of shadows
 M - the +1 robe of the Old World {rPois rC- rN++ Int+3}
   (You found it on level 1 of the Vaults)

   Int:       It affects your intelligence (+3).
   rC:        It makes you vulnerable to cold.
   rPois:     It protects you from poison.
   rN:        It greatly protects you from negative energy.
 V - a +2 hat (worn)
Jewellery
 b - an amulet of regeneration (around neck)
 j - a ring of resist corrosion
 k - a +6 ring of strength
 l - a +4 ring of slaying
 r - an amulet of reflection
 s - a +4 ring of slaying (right hand)
 G - the ring "Bopu" (left hand) {rPois rF+ rC++ rN+}
   (You acquired it on level 9 of the Dungeon)

   [ring of positive energy]

   rF:        It protects you from fire.
   rC:        It greatly protects you from cold.
   rPois:     It protects you from poison.
   rN:        It protects you from negative energy.
 Q - a +4 ring of evasion
 X - a ring of flight
 Y - a +6 ring of strength
Wands
 c - a wand of paralysis (2)
 y - a wand of polymorph (7)
 D - a wand of charming (3)
 O - a wand of mindburst (14)
 R - a wand of flame (37)
Scrolls
 t - 5 scrolls of amnesia
 w - 2 scrolls of fog
 x - 5 scrolls of immolation
 A - a scroll of summoning
 B - 9 scrolls of identify {@rr}
 C - 5 scrolls of magic mapping
 F - a scroll of fear
 I - 3 scrolls of vulnerability
 N - 3 scrolls of noise
 Z - a scroll of holy word
Potions
 h - 5 potions of attraction
 i - 4 potions of might
 n - 5 potions of brilliance
 q - 2 potions of degeneration
 v - 6 potions of flight
 z - 4 potions of magic
 E - 4 potions of mutation
 S - 2 potions of cancellation
 T - a potion of curing {@qc}
Miscellaneous
 d - a condenser vane
 m - a phial of floods
 U - a piece from Xom's chessboard (15/15)
 W - a lightning rod (4/4)


   Skills:
 + Level 16.3 Fighting
 - Level 24.0 Slings
 * Level 7.1 Armour
 - Level 22.0 Dodging
 - Level 17.3 Stealth


You had 18 spell levels left.
You didn't know any spells.
Your spell library contained the following spells:

 Spells                   Type           Power      Damage    Failure   Level
 Animate Skeleton         Necr           0%         N/A       100%        1
 Apportation              Tloc           0%         N/A       100%        1
 Foxfire                  Conj/Fire      0%         2x1d4     100%        1
 Freeze                   Ice            0%         1d3       100%        1
 Magic Dart               Conj           0%         1d3       100%        1
 Slow                     Hex            0%         N/A       100%        1
 Summon Small Mammal      Summ           0%         N/A       100%        1
 Blink                    Tloc           0%         N/A       100%        2
 Call Imp                 Summ           0%         N/A       100%        2
 Ensorcelled Hibernation  Hex/Ice        0%         N/A       100%        2
 Scorch                   Fire           0%         2d5       100%        2
 Call Canine Familiar     Summ           0%         N/A       100%        3
 Confusing Touch          Hex            0%         N/A       100%        3
 Conjure Flame            Conj/Fire      0%         6-21      100%        3
 Dazzling Flash           Conj/Hex       0%         N/A       100%        3
 Frozen Ramparts          Ice            0%         1d2       100%        3
 Inner Flame              Hex/Fire       0%         N/A       100%        3
 Mephitic Cloud           Conj/Pois/Air  0%         N/A       100%        3
 Portal Projectile        Hex/Tloc       0%         N/A       100%        3
 Summon Guardian Golem    Hex/Summ       0%         N/A       100%        3
 Tukima's Dance           Hex            0%         N/A       100%        3
 Airstrike                Air            0%         N/A       100%        4
 Flame Wave               Conj/Fire      0%         2d4       100%        4
 Hailstorm                Conj/Ice       0%         3d3       100%        4
 Iskenderun's Mystic Bla  Conj/Tloc      0%         2d3       100%        4
 Summon Lightning Spire   Summ/Air       0%         N/A       100%        4
 Alistair's Intoxication  Tmut/Pois      0%         N/A       100%        5
 Blade Hands              Tmut           0%         N/A       100%        5
 Excruciating Wounds      Necr           0%         N/A       100%        5
 Iskenderun's Battlesphe  Conj           0%         2d6       100%        5
 Lightning Bolt           Conj/Air       0%         1d11      100%        5
 Manifold Assault         Tloc           0%         N/A       100%        5
 Yara's Violent Unravell  Hex/Tmut       0%         3d3       100%        5
 Iron Shot                Conj/Erth      0%         9d1       100%        6
 Starburst                Conj/Fire      0%         6d3       100%        6
 Summon Cactus Giant      Summ           0%         N/A       100%        6
 Spellforged Servitor     Conj/Summ      0%         N/A       100%        7
 Storm Form               Tmut/Air       0%         N/A       100%        7


Dungeon Overview and Level Annotations

Branches:
Dungeon (15/15)            Temple (1/1) D:6            Lair (6/6) D:11
 Shoals (0/4) Lair:4        Snake (4/4) Lair:4        Slime (0/5) Lair:6
    Orc (2/2) D:9             Elf (1/3) Orc:2        Vaults (3/5) D:14
 Depths (2/4) D:15        Volcano (visited)
  Crypt: Vaults:2-3

Altars:
Ashenzari
Cheibriados
Dithmenos
Elyvilon
Fedhas
Gozag
Hepliaklqana
Kikubaaqudgha
Makhleb
Nemelex Xobeh
Okawaru
Qazlal
Sif Muna
Trog
Uskayaw
Vehumet
Wu Jian
Xom
The Shining One
Beogh
Jiyva

Shops:
D:5 ?   D:12 [*?   Orc:1 =[((   Orc:2 (**((   Lair:4 *   Snake:1 [:(=
Snake:2 *   Depths:1 =[:=

Portals:
Hell: Depths:1
Pandemonium: Depths:2

Annotations:
D:8 exclusion: door
Lair:4 1 transporter, Tessuop's ghost, journeyman VSFi
Snake:4 6 exclusions
Vaults:2 exclusion: 2 lightning spires


Innate Abilities, Weirdness & Mutations

You are very small and have problems with some larger weapons.
You are too small for most types of armour.
You have supernaturally acute eyesight. (SInv)
You cover ground extremely quickly. (Speed+++)
Your spells are a little harder to cast, but a little more powerful.


Message History

Aiming: Charm
Press: ? - help, Shift-Dir - straight line, f/p - spark wasp
Aim: a spark wasp (chance to affect: 28%)
The spark wasp easily resists.
The spark wasp closely misses you. The spark wasp stings you!
The spark wasp shocks you! The spark wasp closely misses you.
Unknown command.
Aiming: Charm
Press: ? - help, Shift-Dir - straight line, f/p - spark wasp
Aim: a spark wasp (chance to affect: 28%)
The spark wasp easily resists.
The spark wasp closely misses you.
The spark wasp stings you but does no damage.
The spark wasp closely misses you.
Unknown command.
Aiming: Charm
Press: ? - help, Shift-Dir - straight line, f/p - spark wasp
Aim: a spark wasp (chance to affect: 28%)
The spark wasp easily resists.
The spark wasp completely misses you. The spark wasp stings you.
The spark wasp shocks you! The spark wasp barely misses you.
Unknown command.
Aiming: Charm
Press: ? - help, Shift-Dir - straight line, f/p - spark wasp
Aim: a spark wasp (chance to affect: 28%)
The spark wasp easily resists.
The spark wasp stings you!
* * * LOW HITPOINT WARNING * * *
The spark wasp shocks you!
* * * LOW HITPOINT WARNING * * *
The spark wasp closely misses you. The spark wasp stings you.
* * * LOW HITPOINT WARNING * * *
The spark wasp shocks you!
* * * LOW HITPOINT WARNING * * *
Unknown command.
Aiming: Charm
Press: ? - help, Shift-Dir - straight line, f/p - spark wasp
Aim: a spark wasp (chance to affect: 28%)
The spark wasp easily resists.
The spark wasp barely misses you. The spark wasp misses you.
The spark wasp stings you!!
You die...
Your body crumbles into a pile of gold.

#.# ####...#.##
#.## #'##### $
##.# ##.....# ###
+......# #......#
####'#....#
#...)######
#.........#
#.....y@.#####
.'((....y#'#.'.##
#####..^##...#..#
##..###..#..##
##.# #.##...#
#######....####
#..........### ##
#............###.
#########....#.p(


You could see 2 spark wasps.

Vanquished Creatures
  Mlioglotl (Snake:2)
  Jorgrun (Snake:1)
  Asterion (Snake:2)
  2 sphinxes
  Kirke (Snake:2)
  5 nagarajas
  Louise (Snake:3)
  7 vault wardens
  A fire giant (Depths:1)
  2 frost giants (Depths:1)
  An orc warlord (Orc:1)
  Aizul (Snake:1)
  9 ironbound preservers
  3 stone giants
  6 very ugly things
  Nessos (Lair:6)
  A dire elephant (Vaults:1)
  2 entropy weavers
  2 ettins (Depths:1)
  3 fire dragons
  2 great orbs of eyes
  3 ice dragons
  2 salamander tyrants (Snake:4)
  12 vault guards
  5 ironbound thunderhulks
  17 naga warriors
  A spriggan air mage (D:15)
  3 rakshasas (Depths:1)
  3 boulder beetles
  4 yaktaur captains
  A merfolk avatar (Lair:6)
  12 hydras
  5 ironbound frosthearts
  9 anacondas
  4 ogre magi
  13 two-headed ogres
  3 alligator snapping turtles (Snake:1)
  14 centaur warriors
  2 alligators (Snake:1)
  4 death yaks (Lair:5)
  A deep troll shaman (Depths:1)
  An orc high priest (Orc:1)
  Urug (D:12)
  8 naga sharpshooters
  A spriggan berserker (D:15)
  12 shock serpents
  8 hell knights (Depths:1)
  Sonja (Lair:6)
  6 fire crabs (Lair:3)
  4 salamander mystics
  3 iron trolls (Depths:1)
  2 goliath frogs (Snake:1)
  9 sea snakes
  A glowing orange brain (Depths:1)
  4 lindwurms
  22 deep trolls
  7 naga ritualists
  8 ironbound convokers
  A deep elf zephyrmancer (Vaults:2)
  A phantasmal warrior (Vaults:1)
  5 wizards
  2 orc knights (Orc:1)
  2 harpies
  5 orc sorcerers
  4 deep elf pyromancers
  23 ugly things
  12 salamanders
  4 cyclopes
  9 mana vipers
  A salamander (shapeshifter) (D:15)
  2 manticores (D:12)
  2 oklob plants
  36 black mambas
  6 elephants
  3 centaur zombies
  Maurice (D:8)
  5 guardian serpents
  2 vault sentinels (Vaults:1)
  A torpor snail (Lair:6)
  2 gargoyles
  Maggie (D:7)
  21 naga magi
  8 cane toads
  An efreet (D:15)
  An unseen horror (D:12)
  3 rime drakes (Lair:6)
  19 yaktaurs
  9 komodo dragons
  14 trolls
  5 polar bears (Lair:6)
  3 meliai (D:14)
  3 raiju
  17 slime creatures
  4 dream sheep (Lair:5)
  2 hornets
  18 blink frogs
  3 snapping turtles
  A centaur simulacrum (D:15)
  A spriggan (Depths:1)
  3 wraiths
  4 redbacks
  An air elemental (Vaults:2)
  A shadow (D:8)
  4 wyverns
  Sigmund (D:3)
  A vampire (D:10)
  A fire elemental (Orc:2)
  7 hogs (Snake:3)
  3 basilisks
  67 yaks
  5 steam dragons
  6 vampire mosquitoes
  A warg (Orc:2)
  4 acid dragons
  4 hell hounds (Volcano)
  Edmund (D:6)
  9 water moccasins
  31 nagas
  Duvessa (D:7)
  2 ice beasts
  27 orc warriors
  2 black bears (D:3)
  21 ogres
  10 centaurs
  17 wolves
  7 boggarts (Vaults:1)
  2 phantoms
  A kobold brigand (D:8)
  11 bullfrogs
  An earth elemental (Orc:2)
  7 scorpions
  Dowan (D:7)
  8 howler monkeys
  2 electric eels (Lair:4)
  4 jellies
  2 bullfrog skeletons (D:5)
  18 orc priests
  A gnoll shaman (D:5)
  3 hounds
  4 iguanas
  5 hell rats (Lair:5)
  23 orc wizards
  2 scorpion zombies (D:5)
  Robin (D:3)
  A howler monkey zombie (D:8)
  7 gnolls
  13 adders
  2 howler monkey skeletons (D:7)
  A shadow imp (D:7)
  An ufetubus (D:5)
  2 adder skeletons (D:4)
  5 worms
  2 dart slugs
  69 orcs
  12 ball pythons
  6 endoplasms
  4 giant cockroaches
  15 goblins
  13 hobgoblins
  8 jackals
  5 quokkas
  4 bats
  5 frilled lizards
  13 kobolds
  A quokka skeleton (D:4)
  5 rats
  A ball lightning (Vaults:2)
1064 creatures vanquished.

Vanquished Creatures (others)
  A shock serpent (Snake:1)
  2 boggarts (Vaults:1)
  16 fungi
  71 plants
  2 starspawn tentacles (Snake:3)
92 creatures vanquished.

Grand Total: 1156 creatures vanquished

Notes
Turn   | Place    | Note
-------+----------+-------------------------------------------
     0 | D:1      | Htamos the Spriggan Hunter began the quest for the Orb.
     0 | D:1      | Reached XP level 1. HP: 10/10 MP: 2/2
   144 | D:1      | Reached XP level 2. HP: 15/15 MP: 3/3
   207 | D:1      | Reached skill level 5 in Slings
   512 | D:1      | Reached XP level 3. HP: 18/18 MP: 4/4
  1088 | D:2      | Reached XP level 4. HP: 23/23 MP: 5/5
  1932 | D:3      | Noticed Sigmund
  2116 | D:3      | Noticed Robin
  2146 | D:3      | Killed Robin
  2317 | D:3      | Killed Sigmund
  2318 | D:3      | Reached skill level 5 in Dodging
  2318 | D:3      | Reached XP level 5. HP: 14/27 MP: 6/6
  2318 | D:3      | Reached XP level 6. HP: 17/32 MP: 7/7
  3036 | D:3      | Reached skill level 6 in Slings
  3275 | D:3      | Reached skill level 5 in Stealth
  3442 | D:3      | Reached XP level 7. HP: 36/36 MP: 8/8
  4393 | D:5      | Entered Level 5 of the Dungeon
  4569 | D:5      | Found Diulis's Magic Scroll Shoppe.
  4576 | D:5      | Bought a scroll of enchant armour for 75 gold pieces
  4576 | D:5      | Bought a scroll of identify for 20 gold pieces
  4576 | D:5      | Bought 2 scrolls of identify for 40 gold pieces
  5038 | D:5      | Reached XP level 8. HP: 42/42 MP: 9/9
  5108 | D:5      | Reached skill level 7 in Slings
  5947 | D:6      | Found a staircase to the Ecumenical Temple.
  5958 | D:6      | Noticed Edmund
  5977 | Temple   | Entered the Ecumenical Temple
  6161 | Temple   | Became a worshipper of Gozag Ym Sagoz the Greedy
  6332 | D:6      | Reached skill level 8 in Slings
  6332 | D:6      | Reached skill level 10 in Dodging
  6332 | D:6      | Reached XP level 9. HP: 42/46 MP: 10/10
  6463 | D:6      | Killed Edmund
  6755 | D:7      | Noticed Duvessa
  6755 | D:7      | Noticed Dowan
  6768 | D:7      | Killed Dowan
  6919 | D:7      | Killed Duvessa
  6988 | D:7      | Noticed Maggie
  6999 | D:7      | Killed Maggie
  7000 | D:7      | Reached skill level 5 in Fighting
  7426 | D:7      | Reached skill level 9 in Slings
  7628 | D:8      | Reached skill level 10 in Stealth
  7897 | D:8      | Reached XP level 10. HP: 51/51 MP: 11/11
  8303 | D:8      | Found an ornate altar of the Wu Jian Council.
  8342 | D:8      | Noticed Maurice
  8400 | D:8      | Killed Maurice
  8677 | D:8      | Noticed a two-headed ogre
  8695 | D:8      | Killed a two-headed ogre
  8886 | D:9      | Noticed an elephant
  8894 | D:9      | Killed an elephant
  8897 | D:9      | Noticed an elephant
  9031 | D:8      | Reached skill level 10 in Slings
  9259 | D:9      | Found an ancient bone altar of Kikubaaqudgha.
  9295 | D:9      | Killed an elephant
  9303 | D:9      | Noticed a two-headed ogre
  9335 | D:9      | Killed a two-headed ogre
  9336 | D:9      | Reached XP level 11. HP: 58/58 MP: 12/12
  9570 | D:9      | Found a staircase to the Orcish Mines.
  9919 | Orc:1    | Entered Level 1 of the Orcish Mines
  9957 | D:9      | Identified 2 scrolls of acquirement
  9961 | D:9      | Acquired the ring "Bopu" {rPois rF+ rC++ rN+}
 10096 | Orc:1    | Found a bloodstained altar of Trog.
 10238 | Orc:2    | Entered Level 2 of the Orcish Mines
 10238 | Orc:2    | Noticed an orc sorcerer
 10246 | Orc:2    | Killed an orc sorcerer
 10251 | Orc:2    | Noticed an orc sorcerer
 10265 | Orc:2    | Killed an orc sorcerer
 10326 | Orc:2    | Reached skill level 15 in Dodging
 10352 | Orc:2    | Found a dark tunnel.
 10362 | Volcano  | Entered a volcano
 10419 | Volcano  | Noticed a fire dragon
 10465 | Volcano  | Killed a fire dragon
 10466 | Volcano  | Reached skill level 11 in Slings
 10522 | Volcano  | Gained mutation: You are weak. (Str -2) [potion of
                  | mutation]
 10522 | Volcano  | Gained mutation: You have very sharp teeth. [potion of
                  | mutation]
 10522 | Volcano  | Gained mutation: Your flesh is cold resistant. (rC+)
                  | [potion of mutation]
 10617 | Volcano  | Noticed a lindwurm
 10623 | Volcano  | Killed a lindwurm
 10996 | Orc:2    | Noticed a two-headed ogre
 11005 | Orc:2    | Killed a two-headed ogre
 11188 | Orc:2    | Noticed a two-headed ogre
 11197 | Orc:2    | Killed a two-headed ogre
 11211 | Orc:2    | Reached XP level 12. HP: 63/63 MP: 13/13
 11216 | Orc:2    | Noticed a two-headed ogre
 11225 | Orc:2    | Killed a two-headed ogre
 11248 | Orc:2    | Noticed a two-headed ogre
 11253 | Orc:2    | Noticed an ogre mage
 11262 | Orc:2    | Killed a two-headed ogre
 11267 | Orc:2    | Killed an ogre mage
 11356 | Orc:2    | Noticed a two-headed ogre
 11372 | Orc:2    | Killed a two-headed ogre
 11373 | Orc:2    | Reached skill level 12 in Slings
 11390 | Orc:2    | Noticed a two-headed ogre
 11423 | Orc:2    | Killed a two-headed ogre
 11467 | Orc:2    | Found Eneagalo's Weapon Shop.
 11507 | Orc:2    | Bought 16 sling bullets for 112 gold pieces
 11783 | Orc:2    | Found a staircase to the Elven Halls.
 11785 | Orc:2    | Noticed a two-headed ogre
 11812 | Orc:2    | Killed a two-headed ogre
 11837 | Orc:2    | Noticed an ogre mage
 11842 | Orc:2    | Noticed a two-headed ogre
 11844 | Orc:2    | Killed an ogre mage
 11851 | Orc:2    | Killed a two-headed ogre
 11871 | Orc:2    | Found Ostaf's Weapon Shop.
 11887 | Orc:2    | Found Quf Hionlufe's General Store.
 11894 | Orc:2    | Found Buemoic's Assorted Antiques.
 11911 | Orc:2    | Found Qyodear's Antique Weapon Boutique.
 11920 | Orc:2    | Bought a scroll of enchant armour for 90 gold pieces
 11928 | Orc:2    | Bought an ancient shortbow for 200 gold pieces
 11928 | Orc:2    | Identified the +12 shortbow of Trog's Felicitations
                  | {vorpal, Drain Dex-3 SInv Stlth+} (You bought it in a shop
                  | on level 2 of the Orcish Mines)
 11928 | Orc:2    | Bought a scroll of enchant armour for 187 gold pieces
 11928 | Orc:2    | Bought a dented cabochon amulet for 125 gold pieces
 11948 | Orc:2    | Bought 26 stones for 31 gold pieces
 12091 | Orc:1    | Reached skill level 15 in Stealth
 12117 | Orc:1    | Found Zocopp's Jewellery Boutique.
 12357 | Orc:1    | Noticed an orc warlord
 12412 | Orc:1    | Killed an orc warlord
 12564 | Orc:1    | Reached XP level 13. HP: 69/69 MP: 14/14
 13461 | Elf:1    | Entered Level 1 of the Elven Halls
 13659 | Elf:1    | Reached skill level 13 in Slings
 14274 | Orc:1    | Acquired 1127 gold pieces
 14283 | Orc:1    | Bought a glowing hunting sling for 144 gold pieces
 14285 | Orc:1    | Bought 17 stones for 25 gold pieces
 14285 | Orc:1    | Bought 18 stones for 27 gold pieces
 14357 | D:10     | Entered Level 10 of the Dungeon
 15953 | D:11     | Found a staircase to the Lair.
 16177 | D:11     | Found an ancient bone altar of Kikubaaqudgha.
 16683 | D:12     | Found Hautagg's Magic Scroll Boutique.
 16739 | D:12     | Bought a scroll of summoning for 161 gold pieces
 16739 | D:12     | Bought a scroll of magic mapping for 59 gold pieces
 17178 | D:12     | Found a broken altar of Ashenzari.
 17191 | D:12     | Noticed Urug
 17208 | D:12     | Killed Urug
 17642 | Lair:1   | Entered Level 1 of the Lair of Beasts
 19343 | Lair:2   | Reached skill level 14 in Slings
 19343 | Lair:2   | Reached XP level 14. HP: 75/75 MP: 15/15
 20619 | Lair:3   | Found a runed translucent door.
 22170 | Lair:3   | Reached skill level 10 in Fighting
 23450 | Lair:4   | Found a staircase to the Snake Pit.
 23631 | Lair:4   | Reached skill level 15 in Slings
 23878 | Lair:4   | Found a bloodstained altar of Trog.
 23880 | Lair:4   | Noticed Tessuop's ghost (journeyman VSFi)
 23885 | Lair:4   | Found a transporter.
 23888 | Lair:4   | Found a transporter.
 24247 | Lair:4   | Found a staircase to the Shoals.
 24470 | Lair:4   | Acquired 889 gold pieces
 24476 | Lair:4   | Bought a scroll of blinking for 262 gold pieces
 25890 | Lair:6   | Entered Level 6 of the Lair of Beasts
 25890 | Lair:6   | Noticed Nessos
 26005 | Lair:6   | Noticed Sonja
 26007 | Lair:6   | Killed Sonja
 26207 | Lair:6   | Reached skill level 16 in Slings
 26808 | Lair:6   | Reached XP level 15. HP: 79/81 MP: 16/16
 27423 | Lair:6   | Found a viscous altar of Jiyva.
 27423 | Lair:6   | Found a staircase to the Slime Pits.
 27508 | Lair:6   | Killed Nessos
 29130 | D:13     | Reached skill level 17 in Slings
 30715 | D:14     | Found a gate to the Vaults.
 31353 | D:14     | Reached skill level 18 in Slings
 32186 | D:15     | Entered Level 15 of the Dungeon
 32544 | D:15     | Found a staircase to the Depths.
 33233 | Depths:1 | Entered Level 1 of the Depths
 33233 | Depths:1 | You fall into a shaft and drop 1 floor!
 33233 | Depths:2 | Found a one-way gate leading to the halls of Pandemonium.
 33259 | Depths:2 | Noticed a tengu reaver
 33332 | Depths:1 | Found Cyucutzo's Jewellery Shoppe.
 33332 | Depths:1 | Found Pagrugh's Jewellery Shoppe.
 33332 | Depths:1 | Found Nonuh's Book Shop.
 33548 | Depths:1 | Found a gateway to Hell.
 33586 | Depths:1 | Noticed a frost giant
 33590 | Depths:1 | Lost mutation: You have very sharp teeth. [potion of
                  | mutation]
 33590 | Depths:1 | Lost mutation: You are weak. (Str -2) [potion of mutation]
 33590 | Depths:1 | Gained mutation: Armour fits poorly on your strangely
                  | shaped body. [potion of mutation]
 33591 | Depths:1 | Lost mutation: Armour fits poorly on your strangely shaped
                  | body. [potion of mutation]
 33591 | Depths:1 | Lost mutation: Your flesh is cold resistant. (rC+) [potion
                  | of mutation]
 33591 | Depths:1 | Gained mutation: Your spells are a little harder to cast,
                  | but a little more powerful. [potion of mutation]
 34116 | Snake:1  | Entered Level 1 of the Snake Pit
 34323 | Snake:1  | Found Napofo's Weapon Boutique.
 34325 | Snake:1  | Found Beiled's Jewellery Boutique.
 34325 | Snake:1  | Found Yjosacw's Antique Armour Shop.
 34330 | Snake:1  | Found Raiggudy's Book Shop.
 34339 | Snake:1  | Noticed Aizul
 34383 | Snake:1  | Killed Aizul
 34547 | Snake:1  | Noticed Jorgrun
 34613 | Snake:1  | Reached skill level 19 in Slings
 35185 | Snake:1  | Killed Jorgrun
 35202 | Snake:1  | Reached XP level 16. HP: 88/88 MP: 17/17
 36581 | Snake:1  | Reached skill level 20 in Slings
 38966 | Snake:2  | Found Huiqocug's General Store.
 38968 | Snake:2  | You fall into a shaft and drop 1 floor!
 39123 | Snake:3  | Reached skill level 21 in Slings
 39189 | Snake:2  | Bought 20 stones for 32 gold pieces
 39189 | Snake:2  | Bought 19 stones for 30 gold pieces
 39204 | Snake:2  | Found a blossoming altar of Fedhas.
 39861 | Snake:3  | Noticed Louise
 39888 | Snake:3  | Killed Louise
 40674 | Snake:3  | Noticed Kirke
 41038 | Snake:2  | Killed Kirke
 41188 | Snake:3  | Noticed Asterion
 41575 | Snake:2  | Noticed an Executioner
 42024 | Snake:2  | Killed Asterion
 42448 | Snake:3  | Noticed Mlioglotl
 42463 | Snake:3  | Noticed a tentacled starspawn
 42640 | Snake:2  | Noticed a lich
 42770 | Snake:2  | Killed Mlioglotl
 43084 | Snake:3  | Reached skill level 22 in Slings
 43092 | Snake:3  | Reached XP level 17. HP: 95/95 MP: 18/18
 44061 | Snake:4  | Entered Level 4 of the Snake Pit
 46549 | Snake:4  | Reached skill level 23 in Slings
 48474 | Snake:4  | Got a serpentine rune of Zot
 48891 | D:12     | Bought glowing shadow dragon scales for 2988 gold pieces
 48904 | D:12     | Acquired 1055 gold pieces
 48910 | D:12     | Bought the +4 robe "Reij" {rPois rN++ Archmagi} for 620
                  | gold pieces
 49010 | Vaults:1 | Entered Level 1 of the Vaults
 50099 | Vaults:1 | Reached skill level 24 in Slings
 50466 | Vaults:1 | Reached XP level 18. HP: 102/102 MP: 19/19
 51672 | Vaults:1 | Found the +0 pair of fencer's gloves {Riposte Dex+3}
 52260 | Vaults:1 | Reached skill level 15 in Fighting
 52518 | Vaults:1 | Identified the +1 robe of the Old World {rPois rC- rN++
                  | Int+3}
 53030 | Vaults:1 | Reached skill level 1 in Armour
 54960 | Vaults:2 | Paralysed by an air elemental for 1 turns
 57546 | Vaults:2 | Reached skill level 5 in Armour
 59260 | Depths:1 | Reached XP level 19. HP: 109/109 MP: 20/20
 60428 | Depths:1 | Slain by a spark wasp

Illustrated notes

Levels and vault maps discovered:
D:1:      dpeg_arrival_arbitrary_c, layout_rooms, serial_corexii_hall,
          corexii_hall_statues_l, chequers_hall_statues_y, hex_large
D:2:      layout_loops_ring
D:3:      layout_loops_ring, minmay_snake_closets, uniq_robin, uniq_sigmund
D:4:      minmay_chambers_of_threes, layout_basic,
          chequers_serial_rivers_small_3, minmay_bent
D:5:      nicolae_cairo_tiling, layout_layer_cave, serial_shops, shop_fountains
D:6:      layout_cave_pools, minmay_temple_entry_large_hall,
          lemuel_old_faithful, uniq_edmund
D:7:      layout_basic, hangedman_decor_clover_reticule, uniq_duvessa,
          uniq_maggie
D:8:      layout_gridville, nicolae_wu_jian_immortal_techniques, special_room
          [special_room_orc], uniq_maurice
D:9:      wad_woods_stonehenge, layout_cave_pools
D:10:     layout_cave_pods, feat_on_display
D:11:     layout_basic, dpeg_oklobed_lair, nicolae_kikubaaqudgha_miasma_corner
D:12:     layout_basic, serial_shops, nicolae_shop_crystal, ashenzari_altar_1,
          uniq_urug
D:13:     layout_irregular_city
D:14:     layout_loops_ring, erik_vaults_2, minmay_misc_feat_five
D:15:     grunt_enter_depths_hoard, layout_irregular_city,
          minmay_misc_feat_doors
Temple:   roderic_octagonal_lattice_temple
Lair:1:   layout_cave_pods
Lair:2:   layout_chaotic_city
Lair:3:   gammafunk_mikee_crab_dinner, layout_regular_city
Lair:4:   layout_roguey, minmay_shoals_entry_hut, guppyfry_snake_entry_island,
          gammafunk_ghost_wrathful_warriors, infiniplex_staircase_pool
Lair:5:   layout_misc_corridors
Lair:6:   gammafunk_lair_ancient_temple, layout_hall_layers,
          dpeg_slime_entry_enclosed_altar, chequers_serial_rivers_small_3,
          nzn_sisyphean_effort, uniq_nessos, uniq_sonja
Snake:1:  layout_honeycomb, nicolae_snake_herptile_family_reunion,
          lemuel_fruit_tree, minmay_shoptagon, uniq_aizul, uniq_jorgrun
Snake:2:  nrook_guardian_serpent_snake_passage, layout_rooms, serial_shops,
          nicolae_shop_stone, basic_altar
Snake:3:  layout_cave_town, uniq_kirke, uniq_mlioglotl, uniq_louise,
          uniq_asterion
Snake:4:  snake_pit, layout_chambers
Orc:1:    orc_temple, layout_caves, serial_shops, shop, trog_butcher_becter
Orc:2:    st_orc_open, layout_diamond_mine, nicolae_volcano_entry_lava_flow,
          serial_shops, nicolae_shop_statue_plus
Elf:1:    minmay_the_grid_square_5x5_4x4_mashed [minmay_the_grid_square_5x5_c,
          minmay_the_grid_square_5x5_minibox,
          minmay_the_grid_square_5x5_tetrominoes,
          minmay_the_grid_square_5x5_detours, minmay_the_grid_square_5x5_seven,
          minmay_the_grid_square_5x5_prize_deathbox,
          minmay_the_grid_square_5x5_prize_snowflake,
          minmay_the_grid_square_5x5_inverted_slash,
          minmay_the_grid_square_5x5_two_walls_a,
          minmay_the_grid_square_5x5_prize_open,
          minmay_the_grid_square_5x5_prize_waves,
          minmay_the_grid_square_5x5_inner_v, minmay_the_grid_square_5x5_forky,
          minmay_the_grid_square_5x5_beaten_path,
          minmay_the_grid_square_5x5_inner_z,
          minmay_the_grid_square_5x5_shuriken], layout_gridlike,
          minmay_elf_demonology, st_stairs_10, glass_columns_b
Vaults:1: vaults_dpeg_ring, ontoclasm_vaults_loading_screen, v_misc_8,
          v_misc_25, vaults_room_hallway, hangedman_vaults_capsules,
          vaults_room_grid, v_misc_15, vaults_mumra_hex,
          nicolae_vaults_border_crossing, layout_vaults_chaotic_city
Vaults:2: v_rooms_6, hangedman_vaults_restitches, v_misc_13,
          hangedman_vaults_corner_blocks, v_misc_28, v_misc_8,
          nicolae_vaults_specimen_jars, nicolae_vaults_network_periphery,
          vaults_room_stairs_pillars, nicolae_vaults_theta, vaults_room_grid,
          layout_vaults_omnicross, serial_hangedman_research,
          hangedman_research_electronics, hangedman_research_pyrotechnics,
          hangedman_research_toxicology
Vaults:3: nicolae_vaults_circle_grid_a, v_misc_15, vaults_room_pool,
          hangedman_vaults_trim, v_misc_9, minmay_crypt_entry_necro_gods,
          nicolae_vaults_little_squares_3, nicolae_vaults_diagonal_hallway_8,
          ontoclasm_vaults_eye, nicolae_vaults_little_squares_6,
          layout_vaults_omnigrid, serial_shops, shop
Depths:1: layout_honeycomb, hangedman_coc_ice_floe, kennysheep_generic_room_2,
          minmay_shop_grove
Depths:2: minmay_shrinking_squares, layout_cave_shapes,
          nicolae_hell_entry_hellmouth_sunbeams,
          amcnicky_mini_rare_corridor_liquid, rand_demon_pan_entry_5,
          minmay_shop_star, infiniplex_staircase_pool_2

Skill      XL: |  1  2  3  4  5  6  7  8  9 10 11 12 13 14 15 16 17 18 19 |
---------------+----------------------------------------------------------+-----
Dodging        | 3 4 5 6 8 10 12 14 16 18 19 21 22 | 22.0
Stealth        | 2 3 4 5 6 8 10 11 13 15 16 17 | 17.3
Slings         | 5 6 8 9 10 11 12 14 16 19 22 24 | 24.0
Fighting       | 2 3 4 5 6 7 8 9 10 12 13 14 16 | 16.3
Armour         | 6 7 |  7.1

Action                   |  1- 3 |  4- 6 |  7- 9 | 10-12 | 13-15 | 16-18 | 19-21 || total
-------------------------+-------+-------+-------+-------+-------+-------+-------++-------
Melee: Short sword       |       |       |       |       |     8 |       |       ||     8
       Bite              |       |       |       |       |     2 |       |       ||     2
 Fire: Hunting sling     |   158 |   218 |   396 |   822 |  2421 |  3435 |   271 ||  7721
       Fustibalus        |       |       |       |       |   237 |   284 |       ||   521
Throw: Throwing net      |       |       |       |       |     1 |       |       ||     1
       Dart              |       |       |       |       |     1 |    10 |       ||    11
Invok: Call Merchant     |       |       |       |       |     7 |       |       ||     7
Evoke: Wand              |       |       |     7 |     8 |    25 |    12 |     7 ||    59
       Lightning rod     |       |       |       |       |     1 |     4 |       ||     5
       Phial of floods   |       |       |       |       |     1 |     1 |       ||     2
       Piece from Xom's  |       |       |       |       |       |    15 |       ||    15
       Condenser vane    |       |       |       |       |       |     1 |       ||     1
  Use: Scroll            |     1 |     1 |     9 |     9 |    23 |    17 |       ||    60
       Potion            |       |     1 |       |    12 |    14 |     5 |       ||    32
Armor: Robe              |     8 |    13 |     4 |     5 |     8 |    25 |       ||    63
       Shadow dragon sca |       |       |       |       |       |    30 |    31 ||    61
Dodge: Dodged            |    47 |    76 |    55 |    89 |   441 |   893 |    59 ||  1660
Block: Other             |       |       |       |       |    40 |   110 |       ||   150
       Reflection        |       |       |       |       |     8 |    36 |       ||    44

Table legend: (Time is in decaauts)
 A = Elapsed time spent in this place.
 B = Non-inter-level travel time spent in this place.
 C = Inter-level travel time spent in this place.
 D = Time resting spent in this place.
 E = Time spent auto-exploring this place.
 F = Levels seen in this place.
 G = Mean time per level.
                   A        B        C        D        E       F      G
               +--------+--------+--------+--------+--------+-----+--------+
         Total |  45429 |  44135 |   1294 |   8451 |  24105 |  35 | 1298.0 |
       Dungeon |  13137 |  12551 |    586 |   1053 |   8424 |  15 |  875.8 |
        Temple |    122 |    111 |     11 |      0 |     98 |   1 |  122.0 |
          Lair |   8700 |   8403 |    297 |   1743 |   4806 |   6 | 1450.0 |
     Snake Pit |  11471 |  11278 |    193 |   2745 |   5604 |   4 | 2867.8 |
  Orcish Mines |   2918 |   2834 |     84 |    505 |   1480 |   2 | 1459.0 |
   Elven Halls |     91 |     91 |      0 |      5 |     33 |   1 |   91.0 |
        Vaults |   7260 |   7141 |    119 |   2294 |   2808 |   3 | 2420.0 |
        Depths |   1505 |   1504 |      1 |    106 |    748 |   2 |  752.5 |
       Volcano |    220 |    220 |      0 |      0 |    100 |   1 |  220.0 |
               +--------+--------+--------+--------+--------+-----+--------+

Top non-repeatable levels by time:
Vaults:1: 5282 daAuts
 Snake:1: 3539 daAuts
 Snake:3: 2997 daAuts
 Snake:2: 2554 daAuts
  Lair:3: 2422 daAuts
 Snake:4: 2380 daAuts
  Lair:6: 1891 daAuts
Vaults:2: 1576 daAuts
     D:3: 1548 daAuts
   Orc:1: 1496 daAuts
Depths:1: 1468 daAuts
   Orc:2: 1422 daAuts
    D:15: 1375 daAuts
  Lair:5: 1338 daAuts
    D:14: 1334 daAuts
